 Dungeon Crawl Stone Soup version 0.25-b1-50-g7b83aa72e5 (webtiles) character file.

Game seed: 11023558312325568018

40752 gruber the Markscentaur (level 13, -15/122 HPs)
             Began as a Centaur Hunter on June 12, 2020.
             Was the Champion of Okawaru.
             Demolished by a soul eater (21 damage)
             ... in a Gauntlet.
             The game lasted 00:33:07 (22936 turns).

gruber the Markscentaur (Centaur Hunter)           Turns: 22936, Time: 00:33:09

Health: -15/122    AC: 14    Str: 20    XL:     13   Next: 76%
Magic:  10/13      EV: 13    Int: 17    God:    Okawaru [******]
Gold:   1182       SH:  0    Dex: 10    Spells: 12/12 levels left

rFire    . . .     SeeInvis +   T - +9 glaive "Ukhoylui" {flame, Int+7}
rCold    + + +     Gourm    .   (shield currently unavailable)
rNeg     . . .     Faith    .   P - +4 skin of Zhor {Englaciate rC+++ SInv}
rPois    .         Spirit   .   (helmet restricted)
rElec    +         Reflect  .   (no cloak)
rCorr    .         Harm     .   K - +0 pair of gloves
MR       +....     NoTele   +   (no barding)
Stlth    ++........             (no amulet)
HPRegen  0.30/turn              x - ring of protection from magic
MPRegen  0.13/turn              k - +4 ring of protection

@: heroism, lightly drained, very quick
A: large, hooves 3, horns 1, deformed body, speed 2, electricity resistance,
tough skin 3
a: Heroism, Finesse, Renounce Religion


You were in a Gauntlet.
You worshipped Okawaru.
Okawaru was exalted by your worship.
You were not hungry.

You visited 3 branches of the dungeon, and saw 15 of its levels.
You also visited: Gauntlet and Ice Cave.

You collected 1182 gold pieces.

Inventory:

Hand Weapons
 e - the +9 longbow of Doors {freeze, rPois MR++ Dex-5}
   (Okawaru gifted it to you in an ice cave)

   It causes projectiles fired from it to freeze those they strike, causing
   extra injury to most foes and up to half again as much damage against
   particularly susceptible opponents.
   They can also slow down cold-blooded creatures.
   It affects your dexterity (-5).
   It protects you from poison.
   It affects your resistance to hostile enchantments.
 g - a +6 longbow of flaming
 h - a +0 trident of flaming
 T - the +9 glaive "Ukhoylui" (weapon) {flame, Int+7}
   (Okawaru gifted it to you on level 13 of the Dungeon)

   It has been specially enchanted to burn those struck by it, causing extra
   injury to most foes and up to half again as much damage against particularly
   susceptible opponents.
   Big, fiery blades are also staple armaments of hydra-hunters.
   It affects your intelligence (+7).
Missiles
 y - 325 arrows
Armour
 q - a +0 helmet
 K - a +0 pair of gloves (worn)
 P - the +4 skin of Zhor (worn) {Englaciate rC+++ SInv}
   (You found it on level 11 of the Dungeon)

   It renders you almost immune to cold.
   It lets you see invisible.
Jewellery
 k - a +4 ring of protection (right hand)
 p - an uncursed ring of stealth
 x - a ring of protection from magic (left hand)
 B - an uncursed amulet of guardian spirit
 F - an uncursed amulet of faith
 N - an uncursed ring of ice
 R - an uncursed ring of protection from fire
Wands
 J - a wand of random effects (58)
 L - a wand of disintegration (11)
 O - a wand of enslavement (14)
 Q - a wand of polymorph (5)
Scrolls
 a - a scroll of silence {unknown}
 j - 6 scrolls of remove curse
 l - 3 scrolls of teleportation {unknown}
 m - 4 scrolls of magic mapping {unknown}
 n - a scroll of holy word {unknown}
 r - 4 scrolls of noise {unknown}
 s - 2 scrolls of immolation {unknown}
 t - 3 scrolls of fear
 u - 3 scrolls of fog {unknown}
 w - 3 scrolls of blinking {unknown}
 C - 2 scrolls of amnesia {unknown}
 M - a scroll of random uselessness {unknown}
 S - a scroll of enchant weapon {unknown}
Potions
 b - a potion of stabbing
 c - 3 potions of curing
 d - 5 potions of might
 i - a potion of haste
 o - 3 potions of flight
 v - 3 potions of mutation
 D - 4 potions of lignification {unknown}
 E - a potion of heal wounds {unknown}
 G - a potion of degeneration {unknown}
 H - 2 potions of cancellation {unknown}
 I - a potion of invisibility {unknown}
Comestibles
 f - 21 rations


   Skills:
 * Level 13.3(17.8) Fighting
 - Level 8.0(12.6) Polearms
 - Level 20.2(24.6) Bows
 - Level 3.2(7.8) Armour
 - Level 4.0(8.6) Dodging
 - Level 0.4(5.0) Stealth


You had 12 spell levels left.
You didn't know any spells.
Your spell library contained the following spells:

 Spells                   Type           Power        Failure   Level  Hunger
 Animate Skeleton         Necr           N/A          24%         1    ##.....
 Apportation              Tloc           #.....       24%         1    ##.....
 Beastly Appendage        Tmut           #.....       24%         1    ##.....
 Corona                   Hex            #......      24%         1    ##.....
 Foxfire                  Conj/Fire      #...         24%         1    ##.....
 Pain                     Necr           #...         24%         1    ##.....
 Summon Small Mammal      Summ           #...         24%         1    ##.....
 Call Imp                 Summ           #.......     34%         2    ###....
 Poisonous Vapours        Pois/Air       #.....       34%         2    ###....
 Sticks to Snakes         Tmut           #.......     34%         2    ###....
 Call Canine Familiar     Summ           #.......     56%         3    ####...
 Conjure Flame            Conj/Fire      #.......     56%         3    ####...
 Inner Flame              Hex/Fire       #.......     56%         3    ####...
 Mephitic Cloud           Conj/Pois/Air  #.......     56%         3    ####...
 Spider Form              Tmut/Pois      #.........   56%         3    ####...
 Summon Guardian Golem    Hex/Summ       #.......     56%         3    ####...
 Vampiric Draining        Necr           #.........   56%         3    ####...
 Animate Dead             Necr           N/A          93%         4    #####..
 Fulminant Prism          Conj/Hex       #.........   93%         4    #####..
 Ice Form                 Ice/Tmut       #.......     93%         4    #####..
 Sticky Flame             Conj/Fire      #.......     93%         4    #####..
 Summon Ice Beast         Ice/Summ       #.......     93%         4    #####..
 Summon Lightning Spire   Summ/Air       #.......     93%         4    #####..
 Agony                    Necr           #.......     100%        5    ######.
 Blade Hands              Tmut           #.........   100%        5    ######.
 Fireball                 Conj/Fire      #.........   100%        5    ######.
 Death Channel            Necr           #.........   100%        6    #######
 Freezing Cloud           Conj/Ice/Air   #.........   100%        6    #######
 Malign Gateway           Summ/Tloc      #.........   100%        7    #######
 Monstrous Menagerie      Summ           #.........   100%        7    #######
 Orb of Destruction       Conj           #.........   100%        7    #######
 Ring of Flames           Chrm/Fire      #.........   100%        7    #######
 Summon Greater Demon     Summ           #.........   100%        7    #######
 Summon Horrible Things   Summ           #.........   100%        8    #######


Dungeon Overview and Level Annotations

Branches:
Dungeon (13/15)            Temple (1/1) D:5            Lair (1/6) D:11
    Orc (0/2) D:9           IceCv (visited)         Gauntlet (1/1)
 Vaults: D:13-14

Altars:
Cheibriados
Elyvilon
Fedhas
Gozag
Hepliaklqana
Kikubaaqudgha
Nemelex Xobeh
Okawaru
Qazlal
Ru
Xom
Yredelemnul

Shops:
D:8 [   D:10 *   D:12 (

Annotations:
Gauntlet 13 transporters, 3 runed translucent doors


Innate Abilities, Weirdness & Mutations

You have hooves in place of feet.
Armour fits poorly on your strangely shaped body.
You cover ground very quickly.
You have extremely tough skin. (AC +3)
You have a pair of small horns on your head.
You are resistant to electric shocks. (rElec)


Message History

* * * LOW HITPOINT WARNING * * *
The soul eater is healed.
The shadow imp barely misses you.
Unknown command.
Unknown command.
You feel more confident with your borrowed prowess.
The shadow imp hits the withered plant but does no damage.
The soul eater draws from the surrounding life force!
* * * LOW HITPOINT WARNING * * *
The soul eater is healed.
The shadow imp hits you but does no damage.
Unknown command.
Unknown command.
You slash the soul eater! You burn the soul eater.
You kick the soul eater, but do no damage.
The soul eater is almost dead.
You radiate an aura of cold.
The soul eater is unaffected.
The shadow imp is unaffected. x2
The shadow imp hits the withered plant but does no damage.
The soul eater hits you!!
You die...

#≈≈..♣PP.#.##.#..#
#≈..PPP..#.#b##t#:)#.#
####..♣P.P♣.#.#########.#
#≈≈.........#.#.......#©#
#≈..#########.#...♣...###
##...#..^.^..#.#.P.PP....#
##≈.∩.#.⌠.#.#.#.#.#≈#≈#P..#
##≈≈...#..P.P..#.#.≈≈≈≈≈PP.#
#≈≈≈♣.©#.83@.#©#©#.#≈#≈#P♣..
##≈≈...#(5P5P.[#.#.≈≈≈≈≈P..#
##≈.∩.#.8.#.#?#.#.#≈#≈#...#
##...#..^.^..#.#....PP...#
#≈..#########.#...♣...###
#≈≈.........#.#.......#©#
####..♣.P.♣.#.#########.#
#≈...P.P.#.##D##.D##.#
#≈≈..♣P..#.#D#..##D#.#


You could see a soul eater, a fire bat and 2 shadow imps.

Vanquished Creatures
  A frost giant (IceCv)
  Snorg (D:12)
  A fire dragon (D:12)
  Erolcha (D:9)
  A hydra (D:13)
  5 centaur warriors
  2 death yaks (IceCv)
  2 tengu warriors (D:12)
  Nergalle (D:11)
  4 skeletal warriors (D:13)
  2 unseen horrors (D:12)
  Pikel (D:6)
  4 ugly things
  2 deep elf magi
  A cyclops (D:13)
  4 manticores
  An ice statue (IceCv)
  2 gargoyles
  A kobold demonologist (D:12)
  2 ice devils (D:11)
  A tengu conjurer (D:12)
  4 trolls
  A meliai (D:12)
  10 polar bears (IceCv)
  Grinder (D:5)
  10 slime creatures
  5 hippogriffs
  A spriggan (D:12)
  A shadow (D:12)
  A redback (shapeshifter) (D:12)
  2 wyverns
  Eustachio (D:5)
  27 yaks
  A hungry ghost (D:8)
  2 steam dragons
  Edmund (D:5)
  2 water moccasins
  Menkaure (D:6)
  2 acid dragons
  5 porcupines (D:11)
  5 ice beasts
  4 sky beasts
  An eye of draining (D:12)
  9 orc warriors
  2 black bears
  3 necrophages
  6 ogres
  4 phantoms
  11 wolves (IceCv)
  2 crocodiles
  8 centaurs
  A wyvern zombie (D:6)
  A big kobold (D:6)
  12 bullfrogs
  2 gnoll sergeants (D:6)
  3 scorpions
  5 killer bees (D:8)
  3 electric eels (D:9)
  A howler monkey (D:13)
  4 crimson imps
  2 quasits
  5 jellies
  5 centaur skeletons
  12 hounds
  21 orc wizards
  15 orc priests
  3 bullfrog skeletons
  Ijyb (D:5)
  An iguana (D:12)
  11 worker ants
  A centaur simulacrum (D:12)
  A hound skeleton (D:4)
  3 hound zombies
  7 gnolls
  A howler monkey skeleton (D:4)
  9 adders
  5 shadow imps
  An ooze (D:5)
  An adder zombie (D:2)
  3 worms
  A dart slug (D:1)
  8 leopard geckos
  67 orcs
  2 ball pythons
  5 giant cockroaches
  16 goblins
  14 hobgoblins
  14 jackals
  14 kobolds
  7 quokkas
  10 bats
  2 frilled lizards
  12 rats
  A spectral orc (D:8)
486 creatures vanquished.

Vanquished Creatures (others)
  6 polar bears (IceCv)
  4 yaks (IceCv)
  4 slaves (D:6)
  3 wolves (IceCv)
  An orc wizard (D:6)
  A gnoll (D:6)
  2 orcs
  A hobgoblin (D:6)
  5 fungi (D:11)
  2 plants (D:11)
29 creatures vanquished.

Grand Total: 515 creatures vanquished

Notes
Turn   | Place    | Note
-------+----------+-------------------------------------------
     0 | D:1      | gruber the Centaur Hunter began the quest for the Orb.
     0 | D:1      | Reached XP level 1. HP: 17/17 MP: 1/1
   156 | D:1      | Reached XP level 2. HP: 14/24 MP: 2/2
   158 | D:1      | Reached skill level 6 in Bows
   519 | D:1      | Reached XP level 3. HP: 10/29 MP: 3/3
  1297 | D:2      | Reached skill level 7 in Bows
  1354 | D:2      | Reached XP level 4. HP: 32/36 MP: 4/4
  1442 | D:2      | You fall into a shaft and drop 1 floor!
  1647 | D:2      | Reached skill level 8 in Bows
  1652 | D:2      | Found a sacrificial altar of Ru.
  1677 | D:2      | Noticed a phantom
  1701 | D:2      | Killed a phantom
  1701 | D:2      | Reached XP level 5. HP: 29/41 MP: 5/5
  1836 | D:2      | Reached skill level 9 in Bows
  1909 | D:2      | You fall into a shaft and drop 2 floors!
  2152 | D:4      | Reached XP level 6. HP: 48/48 MP: 6/6
  2313 | D:4      | Reached skill level 10 in Bows
  2932 | D:4      | Reached XP level 7. HP: 30/55 MP: 7/7
  3153 | D:4      | Reached skill level 11 in Bows
  4021 | D:3      | Found a white marble altar of Elyvilon.
  4250 | D:2      | Found an opulent altar of Gozag.
  4377 | D:5      | Entered Level 5 of the Dungeon
  4469 | D:5      | Noticed Grinder
  4480 | D:5      | Paralysed by Grinder for 7 turns
  4489 | D:5      | Killed Grinder
  4756 | D:5      | Noticed Eustachio
  4761 | D:5      | Killed Eustachio
  4761 | D:5      | Reached skill level 5 in Fighting
  4772 | D:5      | Reached XP level 8. HP: 70/70 MP: 8/8
  4849 | D:5      | Noticed Ijyb
  4866 | D:5      | Killed Ijyb
  4873 | D:5      | Noticed Edmund
  4887 | D:5      | Killed Edmund
  5224 | D:5      | Found a staircase to the Ecumenical Temple.
  5231 | Temple   | Entered the Ecumenical Temple
  5237 | Temple   | Became a worshipper of Warmaster Okawaru
  6064 | D:6      | Noticed Pikel
  6111 | D:6      | Killed Pikel
  6111 | D:6      | Reached * piety under Okawaru
  6111 | D:6      | Reached XP level 9. HP: 45/84 MP: 9/9
  6467 | D:6      | Reached skill level 10 in Fighting
  6638 | D:6      | Reached skill level 1 in Armour
  6708 | D:6      | Reached ** piety under Okawaru
  7089 | D:6      | Noticed Menkaure
  7094 | D:6      | Killed Menkaure
  8110 | D:6      | Reached *** piety under Okawaru
  8512 | D:7      | Found an ancient bone altar of Kikubaaqudgha.
  8848 | D:7      | Reached XP level 10. HP: 88/93 MP: 10/10
  9262 | D:7      | Found a sparkling altar of Nemelex Xobeh.
  9752 | D:7      | Reached skill level 12 in Bows
 10163 | D:8      | Found Uhataace's Antique Armour Emporium.
 10410 | D:8      | Reached skill level 13 in Bows
 10555 | D:8      | Reached **** piety under Okawaru
 10847 | D:8      | Found a hazy altar of Hepliaklqana.
 10972 | D:8      | Found a basalt altar of Yredelemnul.
 11383 | D:9      | Received a gift from Okawaru
 11383 | D:9      | Reached skill level 14 in Bows
 12020 | D:9      | Found a staircase to the Orcish Mines.
 12482 | D:9      | Found a sacrificial altar of Ru.
 12607 | D:9      | Reached skill level 15 in Bows
 12648 | D:9      | Noticed Erolcha
 12664 | D:9      | Killed Erolcha
 12664 | D:9      | Received a gift from Okawaru
 12879 | D:9      | Reached XP level 11. HP: 99/99 MP: 11/11
 12895 | D:9      | Reached ***** piety under Okawaru
 12895 | D:9      | Received a gift from Okawaru
 12962 | D:9      | Reached skill level 16 in Bows
 13607 | D:10     | Entered Level 10 of the Dungeon
 14272 | D:10     | Found Pyucem's General Store.
 14441 | D:11     | Found the +4 skin of Zhor {Englaciate rC+++ SInv}
 14522 | D:11     | Received a gift from Okawaru
 14554 | D:11     | Found a staircase to the Lair.
 14572 | D:11     | Reached skill level 17 in Bows
 14733 | D:11     | Found a frozen archway.
 14758 | D:11     | Gained mutation: You are resistant to electric shocks.
                  | (rElec) [potion of mutation]
 14758 | D:11     | Gained mutation: You have a pair of small horns on your
                  | head. [potion of mutation]
 14925 | IceCv    | Entered an ice cave
 15745 | IceCv    | Reached skill level 18 in Bows
 15869 | IceCv    | Reached skill level 1 in Polearms
 16078 | IceCv    | Received a gift from Okawaru
 16110 | IceCv    | Got a dazzling longbow {god gift}
 16111 | IceCv    | Identified the +9 longbow of Doors {freeze, rPois MR++
                  | Dex-5} (Okawaru gifted it to you in an ice cave)
 17088 | IceCv    | Noticed a death yak
 17360 | IceCv    | Reached skill level 5 in Polearms
 17596 | IceCv    | Reached XP level 12. HP: 47/106 MP: 12/12
 17621 | IceCv    | Killed a death yak
 18067 | IceCv    | Noticed a frost giant
 18067 | IceCv    | Noticed a death yak
 18126 | IceCv    | Killed a death yak
 18131 | IceCv    | Killed a frost giant
 18131 | IceCv    | Received a gift from Okawaru
 18244 | IceCv    | Received a gift from Okawaru
 18650 | IceCv    | Identified the Grimoire of Hurtful Necromancy
 19362 | D:11     | Noticed Nergalle
 19371 | D:11     | Killed Nergalle
 19517 | D:12     | Noticed Snorg
 19774 | D:12     | Killed Snorg
 19823 | D:12     | Received a gift from Okawaru
 19823 | D:12     | Reached skill level 19 in Bows
 19827 | D:12     | Noticed a tengu warrior
 19827 | D:12     | Noticed a tengu warrior
 19840 | D:12     | Killed a tengu warrior
 19841 | D:12     | Killed a tengu warrior
 19908 | D:12     | Found a snail-covered altar of Cheibriados.
 19970 | D:12     | Noticed a centaur warrior
 19972 | D:12     | Killed a centaur warrior
 19972 | D:12     | Received a gift from Okawaru
 20035 | D:12     | Received a gift from Okawaru
 20055 | D:12     | Noticed a centaur warrior
 20058 | D:12     | Killed a centaur warrior
 20058 | D:12     | Reached skill level 20 in Bows
 20059 | D:12     | Noticed a fire dragon
 20064 | D:12     | Killed a fire dragon
 20064 | D:12     | Reached ****** piety under Okawaru
 20064 | D:12     | Reached XP level 13. HP: 93/113 MP: 13/13
 20069 | D:12     | Received a gift from Okawaru
 20531 | D:12     | Received a gift from Okawaru
 20876 | D:12     | Found Dodaan's Antique Weapon Boutique.
 21015 | D:12     | Received a gift from Okawaru
 21568 | D:13     | Received a gift from Okawaru
 21571 | D:13     | Got an ichor-stained glaive {god gift}
 21572 | D:13     | Identified the +9 glaive "Ukhoylui" {flame, Int+7} (Okawaru
                  | gifted it to you on level 13 of the Dungeon)
 22180 | D:13     | Received a gift from Okawaru
 22603 | Lair:1   | Entered Level 1 of the Lair of Beasts
 22645 | Lair:1   | Found a gate leading to a gauntlet.
 22658 | Gauntlet | Entered a Gauntlet
 22658 | Gauntlet | Found a transporter.
 22665 | Gauntlet | Found a transporter.
 22667 | Gauntlet | Found a transporter.
 22676 | Gauntlet | Found a transporter.
 22678 | Gauntlet | Found a transporter.
 22696 | Gauntlet | Found a transporter.
 22703 | Gauntlet | Found a transporter.
 22703 | Gauntlet | Noticed a cacodemon
 22713 | Gauntlet | Found a transporter.
 22722 | Gauntlet | Found a runed translucent gate.
 22723 | Gauntlet | Found a transporter.
 22723 | Gauntlet | Found a runed translucent gate.
 22724 | Gauntlet | Found a runed translucent gate.
 22738 | Gauntlet | Found a transporter.
 22752 | Gauntlet | Found a transporter.
 22752 | Gauntlet | Found a transporter.
 22794 | Gauntlet | Found a transporter.
 22808 | Gauntlet | Found a transporter.
 22935 | Gauntlet | HP: 6/122 [soul eater/drain life (7)]
 22936 | Gauntlet | Demolished by a soul eater

Illustrated notes

Levels and vault maps discovered:
D:1:      lordsloth_arrival_two_stooges, layout_rooms
D:2:      layout_basic, lemuel_round_altar, first_ration, lemuel_tele_altar
D:3:      layout_basic, lemuel_coloured_pillars_altar
D:4:      layout_basic
D:5:      layout_loops_corners, minmay_temple_entry_offerings, uniq_grinder,
          uniq_ijyb, uniq_edmund, uniq_eustachio
D:6:      kennysheep_housing_project, layout_loops_ring, kennysheep_donut,
          uniq_pikel, uniq_menkaure
D:7:      layout_cave_pods, nicolae_overflow_hidden_temple,
          nemelex_lonely_heart_becter
D:8:      layout_loops_ring, yredelemnul_forgotten_temple_becter,
          kennysheep_little_box, serial_shops, kennysheep_mini_moat
D:9:      layout_irregular_city, nicolae_ru_awakened_eye, erik_orc_2,
          uniq_erolcha
D:10:     layout_basic, serial_shops, shop, kennysheep_generic_room_8
D:11:     layout_irregular_city, due_lair_maze_entry_diamond,
          portal_ice_cave_demonic_guard, uniq_nergalle
D:12:     minmay_stepped, layout_cave_pools, enter_bailey_3, serial_shops,
          nicolae_shop_overgrown_old_shop, basic_altar, hangedman_stone_soup,
          serial_bayou_pond_a, uniq_snorg
D:13:     layout_irregular_city
Temple:   eino_temple_rhombus
Lair:1:   layout_cave_shapes, gauntlet_entry_generic
Gauntlet: minmay_gauntlet_77_tree [minmay_gauntlet_arena_77_museum,
          minmay_gauntlet_arena_77_mess,
          minmay_gauntlet_arena_77_tiled_triplets,
          minmay_gauntlet_arena_77_run_for_it, minmay_gauntlet_arena_77_braids,
          minmay_gauntlet_arena_77_chump_sandwich,
          minmay_gauntlet_arena_77_radiant_squares, gauntlet_exit_watery]

Skill      XL: |  1  2  3  4  5  6  7  8  9 10 11 12 13 |
---------------+----------------------------------------+-----
Bows           | 6 7 8 9 10 11 15 18 20 | 20.2
Fighting       | 5 9 10 13 | 13.3
Armour         | 3 |  3.2
Dodging        | 4 |  4.0
Polearms       | 5 8 |  8.0
Stealth        | |  0.4

Action                   |  1- 3 |  4- 6 |  7- 9 | 10-12 | 13-15 || total
-------------------------+-------+-------+-------+-------+-------++-------
Melee: Short sword       |    68 |       |       |       |       ||    68
       Kick              |    18 |    19 |    53 |    81 |     1 ||   172
       Dagger            |     6 |   143 |    53 |   130 |       ||   332
       Trident           |       |       |   219 |   177 |       ||   396
       Headbutt          |       |       |       |    54 |     2 ||    56
       Punch             |       |       |       |     2 |       ||     2
       Glaive            |       |       |       |       |     7 ||     7
 Fire: Shortbow          |    25 |    41 |   247 |   703 |       ||  1016
       Longbow           |       |       |       |   157 |   239 ||   396
Invok: Heroism           |       |       |       |    14 |     3 ||    17
Evoke: Wand              |       |       |       |     5 |       ||     5
  Use: Scroll            |       |     6 |     1 |     1 |     2 ||    10
       Potion            |       |       |       |     4 |       ||     4
 Stab: Sleeping          |       |       |    11 |       |       ||    11
  Eat: Chunk             |     1 |     5 |    15 |    23 |     7 ||    51
       Ration            |       |       |       |     2 |       ||     2
Armor: Leather armour    |    35 |    98 |   145 |    68 |       ||   346
       Animal skin       |       |       |       |   165 |    18 ||   183
Dodge: Dodged            |    56 |    74 |   136 |   256 |    26 ||   548
